 Dungeon Crawl Stone Soup version 0.19.1 (webtiles) character file.

94 cheezburgr36 the Chopper (level 4, -4/42 HPs)
             Began as a Deep Dwarf Berserker on Dec 9, 2016.
             Was a Believer of Trog.
             Killed by nerve-wracking pain
             ... invoked by an orc priest
              (7 damage)
             ... on level 3 of the Dungeon.
             The game lasted 00:12:38 (1786 turns).

cheezburgr36 the Chopper (Deep Dwarf Berserker)     Turns: 1786, Time: 00:12:39

Health: -4/42      AC:  7    Str: 22    XL:     4   Next: 38%
Magic:  4/4        EV: 11    Int:  7    God:    Trog [**....]
Gold:   134        SH:  0    Dex: 12    Spells: 0 memorised, 3 levels left

rFire  . . .     SeeInvis .     m - +0 hand axe
rCold  . . .     Gourm    .     e - +2 ring mail
rNeg   . . .     Faith    .     (no shield)
rPois  .         Spirit   .     (no helmet)
rElec  .         Reflect  .     (no cloak)
rCorr  .         Harm     .     (no gloves)
MR     .....                    (no boots)
Stlth  +.........               (no amulet)
                                (no ring)
                                (no ring)

@: lethally poisoned (-4 -> -4), non-regenerating
A: damage resistance, recharge devices, sense surroundings 1, slow regeneration
3
a: Device Recharging, Berserk, Trog's Hand, Burn Spellbooks, Renounce Religion


You were on level 3 of the Dungeon.
You worshipped Trog.
Trog was pleased with you.
You were not hungry.

You visited 1 branch of the dungeon, and saw 3 of its levels.

You collected 134 gold pieces.

Inventory:

Hand Weapons
 a - a +0 hand axe
 g - a +0 mace
 h - a +0 spear
 m - a +0 hand axe (weapon)
Missiles
 f - 51 stones (quivered)
Armour
 b - a +0 animal skin
 e - a +2 ring mail (worn)
 i - a +0 leather armour
Wands
 c - a wand of heal wounds (5/9)
Scrolls
 j - 2 scrolls of identify
 o - a scroll of teleportation
 q - a scroll of remove curse {unknown}
 r - a scroll of enchant weapon {unknown}
Potions
 p - a potion of degeneration
Comestibles
 d - 3 bread rations
 l - a beef jerky
 n - a meat ration


   Skills:
 + Level 3.3 Fighting
 + Level 4.5 Axes
 + Level 3.2 Armour
 + Level 2.3 Dodging


You had 3 spell levels left.
You didn't know any spells.

Dungeon Overview and Level Annotations

Branches:
Dungeon (3/15)

Altars:
Fedhas
Kikubaaqudgha
The Shining One


Innate Abilities, Weirdness & Mutations

You are resistant to damage.
You can recharge devices by infusing magical energy.
You passively map a small area around you.
You do not regenerate.


Message History

You hear a shout!
You hit the orc priest.
The orc priest is moderately wounded.
The orc priest hits you with a short sword.
* * * LOW HITPOINT WARNING * * *
It was a potion of magic.
Magic courses through your body. The orc priest completely misses you.
Take off which item? (? for menu, Esc to quit)
Okay, then.
You barely miss the orc priest.
The orc priest is moderately wounded.
The orc priest barely misses you.
You hit the orc priest.
The orc priest is moderately wounded.
The orc priest hits you but does no damage.
You closely miss the orc priest.
The orc priest is moderately wounded.
The orc priest invokes the aid of Beogh against you.
Pain shoots through your body!
You die...

, , #.. * #.o.. #..# ,
* .o... #..# * * , *
...go.*#..# , # , , ,
...... ,..# ,#* .# .
....#*#.###.##..# , *
*... ..o #........>#,
* ,
.....#o##..##...... *
#....ggo@........####*
#.#######....<......#
#.####.####.# , #.# #
#.# , #.# .* #.# #.#
##. ##.## * * #.# #..
##.#.## ,* #.#
#.###.###.### #.#
#.#..## ##...


You could see an orc priest, an orc and 2 goblins.

Vanquished Creatures
  6 adders
  2 worms (D:2)
  3 bats
  A bat zombie (D:1)
  A giant cockroach (D:1)
  3 hobgoblins
  3 jackals (D:2)
  4 quokkas (D:2)
  3 frilled lizards
  A giant cockroach zombie (D:1)
  3 goblins (D:2)
  8 kobolds
  3 rats
  A plant (D:2)
42 creatures vanquished.

Notes
Turn   | Place    | Note
-------+----------+-------------------------------------------
     0 | D:1      | cheezburgr36 the Deep Dwarf Berserker began the quest for the Orb.
     0 | D:1      | Reached XP level 1. HP: 20/20 MP: 1/1
   469 | D:1      | Reached XP level 2. HP: 23/28 MP: 2/2
   659 | D:2      | Found an ancient bone altar of Kikubaaqudgha.
   725 | D:2      | Found a glowing golden altar of the Shining One.
   868 | D:2      | Reached XP level 3. HP: 24/34 MP: 3/3
   908 | D:2      | Reached ** piety under Trog
   908 | D:2      | Reached skill level 4 in Axes
  1524 | D:2      | Reached XP level 4. HP: 21/42 MP: 4/4
  1666 | D:3      | Found a blossoming altar of Fedhas.
  1786 | D:3      | Killed from afar by an orc priest

Skill      XL: |  1  2  3 |
---------------+----------+-----
Fighting       | 3 |  3.3
Axes           | 4 |  4.5
Armour         | 3 |  3.2
Dodging        | |  2.3

Action                   |  1- 3 |  4- 6 || total
-------------------------+-------+-------++-------
Melee: Hand axe          |   199 |    28 ||   227
Throw: Stone             |     3 |       ||     3
  Use: Scroll            |     4 |       ||     4
       Potion            |     1 |     3 ||     4
  Eat: Meat ration       |     1 |       ||     1
       Pizza             |     1 |       ||     1
Armor: Ring mail         |    72 |    16 ||    88
Dodge: Dodged            |    90 |     9 ||    99
